 Dungeon Crawl Stone Soup version 0.29-a0-719-g0fec994a2d (webtiles) character file.

Game seed: 6883274848580344578

825 Bnni the Trooper (level 7, -3/82 HPs)
             Began as a Demonspawn Gladiator on June 27, 2022.
             Was an Initiate of Vehumet.
             Slain by a two-headed ogre
             ... wielding a +0 giant club
              (22 damage)
             ... on level 5 of the Dungeon.
             The game lasted 00:11:04 (5737 turns).

Bnni the Trooper (Demonspawn Gladiator)             Turns: 5737, Time: 00:11:04

Health: -3/82      AC: 23    Str: 17    XL:     7   Next: 64%
Magic:  22/22      EV:  2    Int:  9    God:    Vehumet [......]
Gold:   143        SH:  0    Dex: 14    Spells: 15/15 levels left

rFire   . . .      SeeInvis .   y - +2 short sword (vamp)
rCold   . . .      Faith    .   (no shield)
rNeg    . . .      Spirit   .   (body armour currently unavailable)
rPois   +          Reflect  .   (helmet currently unavailable)
rElec   .          Harm     .   (cloak currently unavailable)
rCorr   .          Rampage  .   (gloves currently unavailable)
Will    +....      NoTele   +   (boots currently unavailable)
Stlth   +.........              p - amulet of magic regeneration
HPRegen 0.23/turn               o - ring of willpower
MPRegen 0.58/turn               j - ring of magical power

@: agile, tree-form
A: stationary, stasis, torment immunity, boosted hp, powered by pain 1, demonic
magic 1, (weakness stinger 1)
a: Renounce Religion


You were on level 5 of the Dungeon.
You worshipped Vehumet.
Vehumet was noncommittal.
You were a tree.
You visited 2 branches of the dungeon, and saw 6 of its levels.

You collected 143 gold pieces.

Inventory:

Hand Weapons
 a - a +0 war axe
 r - a +0 dagger
 y - a +2 vampiric short sword (weapon)
 A - a +0 long sword
Missiles
 e - a javelin (quivered)
 h - 10 atropa-tipped darts
Armour
 c - a +0 helmet (melded)
 n - a +0 scale mail (melded)
Jewellery
 b - a ring of fire
 j - a ring of magical power (right branch)
 o - a ring of willpower (left branch)
 p - an amulet of magic regeneration (around neck)
 w - a ring of flight
Wands
 l - a wand of flame (14)
 s - a wand of polymorph (7)
Scrolls
 i - a scroll of acquirement {unknown}
 k - 2 scrolls of immolation {unknown}
 q - a scroll of silence {unknown}
Potions
 m - a potion of attraction {unknown}
 t - a potion of magic
 u - 4 potions of haste
 z - a potion of flight


   Skills:
 + Level 4.9 Fighting
 - Level 3.5 Axes
 - Level 1.7 Throwing
 - Level 2.6 Dodging
 + Level 4.5 Spellcasting
 * Level 4.1 Conjurations


You had 15 spell levels left.
You didn't know any spells.
Your spell library was empty.

Dungeon Overview and Level Annotations

Branches:
Dungeon (5/15)             Temple (1/1) D:4

Altars:
Ashenzari
Dithmenos
Fedhas
Makhleb
Ru
Sif Muna
Uskayaw
Vehumet
Yredelemnul
Zin
The Shining One

Annotations:
D:4 paps's ghost, amateur OpSu


Innate Abilities, Weirdness & Mutations

You are a tree.
Your roots penetrate the ground, keeping you stationary.
You cannot be teleported.
You are immune to unholy pain and torment.
Your maximum health is greatly increased.
Your equipment is partially melded.
You sometimes gain a little power by taking damage.
Spells you cast may paralyse adjacent enemies.
((You have a small tail.))


Message History

The two-headed ogre is caught in the net!
The two-headed ogre struggles against the net.
The two-headed ogre struggles against the net.
You hit the two-headed ogre but do no damage.
The two-headed ogre struggles against the net.
You catch the helpless two-headed ogre completely off-guard!
You puncture the two-headed ogre!
The two-headed ogre is lightly wounded.
The two-headed ogre struggles against the net.
The net rips apart, and the two-headed ogre comes free!
You puncture the two-headed ogre!
Your tail-slap misses the two-headed ogre.
The two-headed ogre is moderately wounded.
The two-headed ogre hits you with a +0 giant club!!
You focus on the pain.
You feel agile all of a sudden.
The two-headed ogre hits you with a +0 giant club!
The ogre completely misses you.
Really quaff the potion of lignification?
You turn into a tree.
Your +0 helmet melds into your body.
Your +0 scale mail melds into your body.
Your roots penetrate the ground.
The two-headed ogre hits you but does no damage. x2
The ogre hits you but does no damage.
You hit the two-headed ogre.
You feel better.
The two-headed ogre is moderately wounded.
The two-headed ogre barely misses you.
The two-headed ogre hits you with a +0 giant club.
The ogre hits you but does no damage.
You hit the two-headed ogre.
The two-headed ogre is moderately wounded.
You hit the two-headed ogre.
You feel better.
The two-headed ogre is heavily wounded.
The two-headed ogre hits you but does no damage.
The two-headed ogre hits you with a +0 giant club.
The ogre hits you with a +0 giant club!!
* * * LOW HITPOINT WARNING * * *
You feel much better. The ogre hits you but does no damage.
The two-headed ogre hits you with a +0 giant club!!
You die...

....# ##.....#######
...## .
##............# #.##
.. #..##########.#
#.### ... #..#
#...### .....##..+
......# #...>.....#
.##.#.##....####..#
.##.........# #..#
.##.......... #♣?#
.###...........OO.#
.####.##...........#
.............#.##...#
÷#####.##.#..#.
...... .#####.# .. ##
#.##..# .....#.# #
..# #.# ..##.#.# ##
.# ..# ..


You could see a two-headed ogre and an ogre.

Vanquished Creatures
  A water moccasin (D:5)
  A black bear (D:5)
  An ogre (D:4)
  A centaur (D:5)
  2 necrophages
  A scorpion (D:4)
  An orc priest (D:4)
  A water moccasin simulacrum (D:4)
  Ijyb (D:3)
  Natasha (thrice) (D:4)
  A scorpion simulacrum (D:4)
  4 adders
  A white imp (D:4)
  An ufetubus (D:5)
  2 adder simulacra (D:4)
  2 dart slugs
  5 orcs (D:4)
  2 ball pythons (D:4)
  2 bats
  8 endoplasms
  6 giant cockroaches
  2 goblins
  9 hobgoblins
  3 jackals (D:2)
  6 kobolds
  A quokka (D:1)
  2 frilled lizards
  2 rats
72 creatures vanquished.

Notes
Turn   | Place    | Note
-------+----------+-------------------------------------------
     0 | D:1      | Bnni the Demonspawn Gladiator began the quest for the Orb.
     0 | D:1      | Reached XP level 1. HP: 16/16 MP: 1/1
   261 | D:1      | Gained mutation: You have a small tail. [demonic ancestry]
   261 | D:1      | Reached XP level 2. HP: 22/22 MP: 2/2
   888 | D:2      | Gained mutation: Spells you cast may paralyse adjacent
                  | enemies. [demonic ancestry]
   888 | D:2      | Reached XP level 3. HP: 26/28 MP: 3/3
  1207 | D:3      | Noticed Ijyb
  1258 | D:3      | Killed Ijyb
  1259 | D:3      | Reached skill level 1 in Spellcasting
  1941 | D:3      | Reached XP level 4. HP: 31/34 MP: 6/6
  3115 | D:4      | Reached XP level 5. HP: 41/41 MP: 8/8
  3119 | D:4      | Found a staircase to the Ecumenical Temple.
  3128 | Temple   | Entered the Ecumenical Temple
  3226 | Temple   | Became a worshipper of Vehumet
  3465 | D:4      | Found a runed translucent gate.
  3465 | D:4      | Found a runed translucent gate.
  3465 | D:4      | Found a runed translucent gate.
  3587 | D:4      | Noticed paps's ghost (amateur OpSu)
  3617 | D:4      | Noticed an ogre
  3626 | D:4      | Killed an ogre
  3627 | D:4      | Reached skill level 1 in Conjurations
  3627 | D:4      | Reached XP level 6. HP: 48/48 MP: 11/11
  3758 | D:4      | Noticed Natasha
  3766 | D:4      | Killed Natasha
  3952 | D:4      | Noticed Natasha
  3959 | D:4      | Killed Natasha
  4077 | D:4      | HP: 2/48 [river rat[paps's ghost] (2)]
  4610 | D:4      | Noticed Natasha
  4619 | D:4      | Killed Natasha
  4860 | D:5      | Entered Level 5 of the Dungeon
  4872 | D:5      | Gained mutation: You sometimes gain a little power by
                  | taking damage. [demonic ancestry]
  4872 | D:5      | Reached XP level 7. HP: 33/50 MP: 13/13
  5727 | D:5      | Noticed a two-headed ogre
  5736 | D:5      | HP: 4/82 [ogre/+0 giant club (21)]
  5737 | D:5      | Slain by a two-headed ogre

Illustrated notes

Levels and vault maps discovered:
D:1:      giann_wishing_wells, layout_rooms, serial_corexii_hall,
          corexii_hall_statues_u, corexii_hall_statues_i
D:2:      layout_basic
D:3:      layout_basic, general_overflow_altar, serial_co_window_serial,
          co_window_of_opportunity_a, co_window_paths_a, co_window_corner_a,
          co_window_corner_a, co_window_paths_a, co_window_of_opportunity_c,
          co_window_unsneaky_path_b, co_window_paths_c, co_window_broadway_b,
          co_window_of_opportunity_b, co_window_of_opportunity_c,
          co_window_cross_4, co_window_4corner_a, glass_columns_a,
          glass_columns_b, glass_columns_a, glass_columns_a, glass_columns_c,
          uniq_ijyb
D:4:      layout_loops_corners, minmay_temple_entry_mist, gammafunk_ghost_icy,
          uniq_natasha
D:5:      layout_loops_cross, minmay_overflow_temple_star_hex,
          jmf_multi_god_temple, uniq_sigmund
Temple:   cyrus_temple_forest

Skill      XL: |  1  2  3  4  5  6  7 |
---------------+----------------------+-----
Axes           | 3 |  3.5
Spellcasting   | 1 2 3 4 |  4.5
Fighting       | 3 4 |  4.9
Conjurations   | 1 2 4 |  4.1
Throwing       | |  1.7
Dodging        | |  2.6

Action                   |  1- 3 |  4- 6 |  7- 9 || total
-------------------------+-------+-------+-------++-------
Melee: War axe           |    74 |    92 |    16 ||   182
       Tailslap          |     7 |    15 |     4 ||    26
       Dagger            |    43 |       |       ||    43
       Punch             |     2 |     2 |       ||     4
       Short sword       |       |    19 |    42 ||    61
Throw: Throwing net      |     1 |     2 |     1 ||     4
       Dart              |       |     1 |       ||     1
  Use: Scroll            |       |    10 |       ||    10
       Potion            |       |     1 |     7 ||     8
 Stab: Held in net/web   |       |       |     1 ||     1
Armor: Leather armour    |     3 |       |       ||     3
       Scale mail        |    40 |    42 |    39 ||   121
       Skin              |    12 |       |     6 ||    18
Dodge: Dodged            |    49 |    61 |    35 ||   145

Table legend: (Time is in decaauts)
 A = Elapsed time spent in this place.
 B = Non-inter-level travel time spent in this place.
 C = Inter-level travel time spent in this place.
 D = Time resting spent in this place.
 E = Time spent auto-exploring this place.
 F = Levels seen in this place.
 G = Mean time per level.
                   A        B        C        D        E       F      G
               +--------+--------+--------+--------+--------+-----+--------+
         Total |   5812 |   5712 |    100 |    730 |   4105 |   6 |  968.7 |
       Dungeon |   5689 |   5607 |     82 |    730 |   4079 |   5 | 1137.8 |
        Temple |    123 |    105 |     18 |      0 |     26 |   1 |  123.0 |
               +--------+--------+--------+--------+--------+-----+--------+

Top non-repeatable levels by time:
     D:3: 1860 daAuts
     D:4: 1718 daAuts
     D:5: 889 daAuts
     D:2: 621 daAuts
     D:1: 600 daAuts
  Temple: 123 daAuts
